 Dungeon Crawl Stone Soup version 0.20-a0-809-gaf7f668 (webtiles) character file.

17801 polly the Blocker (level 12, -28/76 HPs)
             Began as a Gargoyle Fighter on Mar 3, 2017.
             Killed from afar by a fire dragon (45 damage)
             ... with a blast of flame
             ... on level 11 of the Dungeon.
             The game lasted 00:20:55 (11994 turns).

polly the Blocker (Gargoyle Fighter)               Turns: 11994, Time: 00:20:56

Health: -28/76     AC: 24    Str: 27    XL:     12   Next: 51%
Magic:  4/4        EV: 14    Int: 14    God:
Gold:   688        SH: 13    Dex: 14    Spells: 11/11 levels left

rFire    . . .     SeeInvis .   C - +5 demon whip "Spellbinder" {antimagic, MR+}
rCold    . . .     Gourm    .   e - +0 chain mail
rNeg     + . .     Faith    +   c - +0 shield
rPois    ∞         Spirit   .   r - +0 helmet
rElec    +         Reflect  .   (no cloak)
rCorr    .         Harm     .   q - +2 pair of gloves
MR       +....                  (no boots)
Stlth    ..........             a - amulet of faith
Regen    0.3/turn               g - +3 ring of evasion
MPRegen  0.1/turn               J - ring of Yphol {Int+5 Dex+2}

@: mighty
A: negative energy resistance 1, electricity resistance, unbreathing,
petrification resistance, rot immunity, AC +8
a: no special abilities


You were on level 11 of the Dungeon.
You were very hungry.

You visited 2 branches of the dungeon, and saw 12 of its levels.

You collected 688 gold pieces.

Inventory:

Hand Weapons
 t - a +0 whip of freezing
 C - the +5 demon whip "Spellbinder" (weapon) {antimagic, MR+}
   (You acquired it on level 10 of the Dungeon)

   It reduces the magical energy of the wielder, and disrupts the spells and
   magical abilities of those hit.
   Natural abilities and divine invocations are not affected.
   It affects your resistance to hostile enchantments.
Armour
 c - a +0 shield (worn)
 e - a +0 chain mail (worn)
 q - a +2 pair of gloves (worn)
 r - a +0 helmet (worn)
Jewellery
 a - an amulet of faith (around neck)
 g - a +3 ring of evasion (right hand)
 J - the ring of Yphol (left hand) {Int+5 Dex+2}
   (You found it on level 11 of the Dungeon)

   [ring of intelligence]

   It affects your intelligence (+5).
   It affects your dexterity (+2).
Wands
 j - a wand of random effects (26/48)
 k - a wand of flame (17/48)
 o - a wand of paralysis (6/24)
 s - a wand of digging (14/24)
 w - a wand of confusion (23/48)
 y - a wand of iceblast (5/15)
 F - a wand of lightning (5/15)
Scrolls
 h - 3 scrolls of amnesia
 l - 4 scrolls of teleportation
 m - 13 scrolls of remove curse
 n - 3 scrolls of blinking
 p - 2 scrolls of enchant armour
 A - 3 scrolls of recharging
 B - a scroll of fear
 H - a scroll of brand weapon
 I - a scroll of magic mapping
Potions
 i - a potion of lignification
 u - a potion of resistance {unknown}
 v - a potion of haste {unknown}
 z - 2 potions of brilliance
Books
 D - a book of Maledictions

   Spells                             Type                      Level
   a - Corona                         Hexes                        1
   b - Ensorcelled Hibernation        Hexes/Ice                    2
   c - Confuse                        Hexes                        3
   d - Tukima's Dance                 Hexes                        3
   e - Dazzling Spray                 Conjuration/Hexes            3
 E - a book of Power

   Spells                             Type                      Level
   a - Iskenderun's Battlesphere      Conjuration/Charms           5
   b - Venom Bolt                     Conjuration/Poison           5
   c - Bolt of Magma                  Conjuration/Fire/Earth       5
   d - Iron Shot                      Conjuration/Earth            6
   e - Orb of Destruction             Conjuration                  7
   f - Spellforged Servitor           Conjuration/Summoning        7
Comestibles
 d - 8 meat rations
 f - 7 bread rations
 x - 4 royal jellies


   Skills:
 + Level 9.2 Fighting
 + Level 11.5 Maces & Flails
 + Level 9.1 Armour
 + Level 4.9 Dodging
 + Level 1.9 Stealth
 + Level 12.3 Shields


You had 11 spell levels left.
You didn't know any spells.

Dungeon Overview and Level Annotations

Branches:
Dungeon (11/15)            Temple (1/1) D:4            Lair (0/6) D:8
    Orc: D:9-12

Altars:
Ashenzari
Cheibriados
Dithmenos
Elyvilon
Fedhas
Gozag
Hepliaklqana
Kikubaaqudgha
Makhleb
Nemelex Xobeh
Okawaru
Qazlal
Ru
Sif Muna
Trog
Uskayaw
Vehumet
Wu Jian
Xom
Yredelemnul
Zin
The Shining One

Annotations:
D:7 1 runed door


Innate Abilities, Weirdness & Mutations

You are resistant to torment.
Your stone body is resilient. (AC +8)
You are immune to poison.
You resist negative energy. (rN+)
You are resistant to electric shocks. (rElec)
You can survive without breathing.
You are immune to petrification.
You are immune to rotting.


Message History

Beogh smites you!
* * * LOW HITPOINT WARNING * * *
The orc warrior barely misses you.
You whack the orc warrior!
You kill the orc warrior!
The orc wizard completely misses you. The orc priest closely misses you.
You block the orc wizard's attack.
Items here: ))) [[[ You whack the orc priest!
The orc priest is heavily wounded.
The orc priest closely misses you. The orc wizard closely misses you.
You whack the orc priest!
You kill the orc priest!
You block the orc wizard's attack. The fire dragon breathes flames at you.
The blast of flame hits the orc wizard.
The orc wizard dies!
The blast of flame hits you!
Ouch! That really hurt!
You die...

.... ....#
#.#######....#
#............#
#............#
#...>........#
###.....<......#
..#.#.....###### #
#.#)#.....# #[#(#
#.#@#....##
#...oo#.#)#....#
#o....).o)#....#
#.....#.#.....##
#[#)# #.#D....# ###
#.#.....# ...
..#.....#
#######.#####.....#
..#.. ......#.....#


You could see a fire dragon and an orc.

Vanquished Creatures
  An orc warlord (D:11)
  Josephine (D:9)
  A centaur warrior (D:10)
  2 two-headed ogres
  An unseen horror (D:10)
  Pikel (D:6)
  A manticore (D:11)
  The ghost of SummonerCarey the Skirmisher, a novice DsMo of Okawaru (D:7)
  A kobold demonologist (D:10)
  A komodo dragon (D:10)
  A troll (D:10)
  Grinder (D:6)
  3 hippogriffs
  Sigmund (D:3)
  13 yaks
  4 wraiths
  A human (D:7)
  4 hogs (D:7)
  Menkaure (D:4)
  2 porcupines (D:8)
  2 water moccasins
  Purgy (D:3)
  11 orc warriors
  6 sky beasts
  3 black bears
  7 ogres
  2 phantoms
  An eye of draining (D:11)
  2 ice beasts
  2 necrophages
  5 centaurs
  3 big kobolds
  3 crocodiles
  6 bullfrogs
  3 scorpions
  12 killer bees
  5 howler monkeys
  5 crimson imps
  A centaur zombie (D:9)
  2 bullfrog zombies
  A quasit (D:5)
  3 bullfrog skeletons
  3 jellies
  2 centaur skeletons
  3 orc priests
  2 hounds (D:8)
  4 iguanas
  Ijyb (D:3)
  11 orc wizards
  6 worker ants
  A killer bee zombie (D:6)
  4 worker ant zombies
  4 gnolls (D:3)
  10 adders
  A shadow imp (D:10)
  An adder zombie (D:3)
  2 adder skeletons
  2 worms (D:3)
  3 dart slugs
  A leopard gecko (D:2)
  28 orcs
  A bat zombie (D:2)
  5 giant cockroaches
  6 goblins
  12 hobgoblins
  6 jackals
  22 kobolds
  3 quokkas
  2 ball pythons
  10 bats
  3 frilled lizards
  2 quokka skeletons
  A quokka zombie (D:7)
  8 rats
  A rat zombie (D:2)
299 creatures vanquished.

Vanquished Creatures (others)
  An orc wizard (D:11)
  6 fungi (D:8)
7 creatures vanquished.

Grand Total: 306 creatures vanquished

Notes
Turn   | Place    | Note
-------+----------+-------------------------------------------
     0 | D:1      | polly the Gargoyle Fighter began the quest for the Orb.
     0 | D:1      | Reached XP level 1. HP: 14/14 MP: 1/1
   201 | D:1      | Reached XP level 2. HP: 19/19 MP: 2/2
   567 | D:2      | Reached XP level 3. HP: 24/24 MP: 3/3
   850 | D:2      | Reached XP level 4. HP: 25/29 MP: 4/4
   908 | D:2      | Found an ancient bone altar of Kikubaaqudgha.
  1105 | D:2      | Reached skill level 1 in Dodging
  1386 | D:3      | Noticed Sigmund
  1397 | D:3      | Killed Sigmund
  1397 | D:3      | Reached skill level 4 in Shields
  1397 | D:3      | Reached XP level 5. HP: 20/33 MP: 5/5
  1397 | D:3      | Reached XP level 6. HP: 23/38 MP: 6/6
  1403 | D:3      | Noticed Ijyb
  1411 | D:3      | Killed Ijyb
  1788 | D:3      | Found a sacrificial altar of Ru.
  1822 | D:3      | Noticed a phantom
  1862 | D:3      | Killed a phantom
  1862 | D:3      | Reached XP level 7. HP: 38/44 MP: 7/7
  2081 | D:3      | Noticed Purgy
  2113 | D:3      | Killed Purgy
  2113 | D:3      | Reached skill level 5 in Shields
  2701 | D:4      | Noticed Menkaure
  2705 | D:4      | Killed Menkaure
  2705 | D:4      | Reached skill level 5 in Maces & Flails
  2917 | D:4      | Found a staircase to the Ecumenical Temple.
  2932 | Temple   | Entered the Ecumenical Temple
  3325 | D:4      | Reached skill level 5 in Armour
  3435 | D:4      | Reached XP level 8. HP: 41/48 MP: 8/8
  3588 | D:5      | Entered Level 5 of the Dungeon
  3943 | D:5      | Reached skill level 5 in Fighting
  4026 | D:5      | Found a sparkling altar of Nemelex Xobeh.
  4091 | D:5      | Reached skill level 6 in Shields
  4117 | D:6      | Found a shadowy altar of Dithmenos.
  4179 | D:6      | Noticed Grinder
  4238 | D:6      | Paralysed by Grinder for 4 turns
  4251 | D:6      | Killed Grinder
  4251 | D:6      | Reached XP level 9. HP: 31/54 MP: 9/9
  4499 | D:6      | Noticed Pikel
  4524 | D:6      | Killed Pikel
  4524 | D:6      | Reached skill level 7 in Shields
  4619 | D:6      | Found a snail-covered altar of Cheibriados.
  4620 | D:6      | Found a deep blue altar of Sif Muna.
  4688 | D:6      | Found a shimmering altar of Xom.
  5065 | D:7      | Found a runed door.
  5077 | D:7      | Noticed a sixfirhy
  5234 | D:7      | Found a hide-covered altar of Uskayaw.
  5355 | D:7      | Reached skill level 8 in Shields
  5363 | D:7      | Reached skill level 1 in Stealth
  5443 | D:7      | Noticed SummonerCarey's ghost (novice DsMo)
  5484 | D:7      | Killed SummonerCarey's ghost
  5484 | D:7      | Reached XP level 10. HP: 36/61 MP: 10/10
  5619 | D:7      | Reached skill level 9 in Shields
  6145 | D:8      | Found a stormy altar of Qazlal.
  6513 | D:8      | Found a shattered altar of Ashenzari.
  6631 | D:8      | Found a staircase to the Lair.
  7187 | D:9      | Noticed a two-headed ogre
  7207 | D:9      | Killed a two-headed ogre
  7207 | D:9      | Reached skill level 10 in Shields
  7207 | D:9      | Reached XP level 11. HP: 16/67 MP: 11/11
  7679 | D:9      | Found an opulent altar of Gozag.
  7786 | D:9      | Found a white marble altar of Elyvilon.
  7982 | D:9      | Reached skill level 10 in Maces & Flails
  8408 | D:9      | Found an iron altar of Okawaru.
  8408 | D:9      | Found a blossoming altar of Fedhas.
  8683 | D:10     | Entered Level 10 of the Dungeon
  8818 | D:10     | Reached skill level 11 in Shields
  8942 | D:10     | Noticed Josephine
  9133 | D:9      | Killed Josephine
 10164 | D:10     | Reached XP level 12. HP: 75/75 MP: 12/12
 10304 | D:11     | Got a pitted brass ring
 10305 | D:11     | Identified the ring of Yphol {Int+5 Dex+2} (You found it on level 11 of the Dungeon)
 10314 | D:11     | Identified a scroll of acquirement
 10332 | D:11     | Noticed a two-headed ogre
 10334 | D:11     | Noticed a centaur warrior
 10793 | D:10     | Killed a two-headed ogre
 10793 | D:10     | Reached skill level 12 in Shields
 11284 | D:10     | Killed a centaur warrior
 11614 | D:11     | Noticed a fire dragon
 11923 | D:11     | Noticed an orc warlord
 11973 | D:11     | Killed an orc warlord
 11994 | D:11     | Killed from afar by a fire dragon

Vault maps used:
D:1:      grunt_arrival_crossed_arrows
D:2:      lemuel_zombie_altar_kikubaaqudgha
D:3:      cheibrodos_thug_alley, hangedman_ru_absence, uniq_iyjb, uniq_sigmund,
          uniq_purgy
D:4:      temple_fountains, first_bread, uniq_menkaure
D:5:      lemuel_doored_altar
D:6:      xom_teletrap_fun, nicolae_dithmenos_the_darkroom,
          nicolae_overflow_hidden_temple, uniq_grinder, uniq_pikel
D:7:      cheibrodos_shockbox, eat_drink_and_be_merry_uskayaw, grunt_livestock
D:8:      lemuel_crystal_altar, ashenzari_conservatory_becter,
          due_lair_maze_entry_diamond
D:9:      kennysheep_mini_moat, gammafunk_temple_overflow_pools,
          grunt_gozag_breadcrumbs
D:10:     uniq_josephine
D:11:     kennysheep_big_flooded_room, minmay_the_grid_3x2
Temple:   compressed_dpeg_triangle_lava_temple

Skill      XL: |  1  2  3  4  5  6  7  8  9 10 11 12 |
---------------+-------------------------------------+-----
Dodging        | 1 2 3 4 |  4.9
Armour         | 4 5 6 7 8 9 |  9.1
Fighting       | 4 5 6 7 8 9 |  9.2
Maces & Flails | 3 4 5 6 8 9 10 11 | 11.5
Shields        | 4 5 6 8 10 11 12 | 12.3
Stealth        | 1 |  1.9

Action                   |  1- 3 |  4- 6 |  7- 9 | 10-12 || total
-------------------------+-------+-------+-------+-------++-------
Melee: Flail             |   166 |   151 |   315 |       ||   632
       Whip              |       |       |   223 |  1605 ||  1828
       Demon whip        |       |       |       |    55 ||    55
  Use: Potion            |       |     1 |     5 |    10 ||    16
       Scroll            |       |       |       |    14 ||    14
  Eat: Chunk             |       |     3 |     5 |    19 ||    27
       Meat ration       |       |       |     1 |       ||     1
       Royal jelly       |       |       |     1 |     2 ||     3
Armor: Scale mail        |   119 |    83 |    29 |       ||   231
       Chain mail        |       |       |   208 |   487 ||   695
Dodge: Dodged            |    53 |    46 |   146 |   486 ||   731
Block: Shield            |   103 |    77 |   235 |   738 ||  1153
